 Dungeon Crawl Stone Soup version 0.19.5 (webtiles) character file.

142 Patwa the Firebug (level 5, -4/39 HPs)
             Began as a Hill Orc Fire Elementalist on Mar 4, 2017.
             Slain by a gnoll
             ... wielding a cursed +0 club
              (7 damage)
             ... on level 3 of the Dungeon on Mar 5, 2017.
             The game lasted 00:21:29 (3505 turns).

Patwa the Firebug (Hill Orc Fire Elementalist)      Turns: 3505, Time: 00:21:30

Health: -4/39      AC:  6    Str: 11    XL:     5   Next: 24%
Magic:  1/7        EV:  9    Int: 18    God:
Gold:   74         SH:  0    Dex: 11    Spells: 1 memorised, 6 levels left

rFire  . . .     SeeInvis .     k - +0 hand axe
rCold  . . .     Gourm    .     h - +0 scale mail
rNeg   . . .     Faith    .     (no shield)
rPois  .         Spirit   .     (no helmet)
rElec  .         Reflect  .     (no cloak)
rCorr  .         Harm     .     (no gloves)
MR     .....                    (no boots)
Stlth  ..........               (no amulet)
                                (no ring)
                                r - +2 ring of intelligence

@: no status effects
A: no striking features
a: no special abilities


You were on level 3 of the Dungeon.
You were not hungry.

You visited 1 branch of the dungeon, and saw 3 of its levels.

You collected 74 gold pieces.

Inventory:

Hand Weapons
 c - a +0 hunting sling
 e - a +0 club
 f - a +0 club
 g - a -2 hand axe
 i - a cursed +0 club
 j - a +0 club
 k - a +0 hand axe (weapon)
 p - a +0 short sword
 u - a +0 dagger
Missiles
 d - 142 stones (quivered)
Armour
 a - a +0 robe
 h - a +0 scale mail (worn)
 l - a +0 ring mail
 n - a +0 ring mail
 o - a cursed -1 leather armour
Jewellery
 r - a +2 ring of intelligence (left hand)
Scrolls
 s - a scroll of random uselessness
Potions
 m - a potion of curing {unknown}
 q - a potion of degeneration {unknown}
 t - a potion of mutation {unknown}
Books
 b - a book of Flames

   Spells                             Type                      Level
   a - Flame Tongue                   Conjuration/Fire             1
   b - Throw Flame                    Conjuration/Fire             2
   c - Conjure Flame                  Conjuration/Fire             3
   d - Inner Flame                    Hexes/Fire                   3
   e - Sticky Flame                   Conjuration/Fire             4
   f - Fireball                       Conjuration/Fire             5


   Skills:
 + Level 0.5 Fighting
 + Level 1.6(1.7) Axes
 + Level 0.2(0.9) Maces & Flails
 + Level 1.5 Armour
 + Level 2.3 Dodging
 + Level 1.7 Stealth
 * Level 1.9 Spellcasting
 * Level 1.7 Conjurations
 * Level 4.3 Fire Magic


You had 6 spell levels left.
You knew the following spells:

 Your Spells              Type           Power        Failure   Level  Hunger
a - Flame Tongue          Conj/Fire      ##...        30%         1    #......


Dungeon Overview and Level Annotations

Branches:
Dungeon (3/15)

Altars:

Annotations:
D:2 Natasha


Message History

Aim: a gnoll, wielding a club (lightly wounded)
The flame tongue hits the gnoll.
The gnoll is moderately wounded.
The gnoll hits you but does no damage.
Casting: Flame Tongue
Confirm with . or Enter, or press ? or * to list all spells.
Aiming: Flame Tongue
Press: ? - help, Shift-Dir - straight line, f/p - gnoll
Aim: a gnoll, wielding a club (moderately wounded)
The flame tongue hits the gnoll.
The gnoll is heavily wounded.
The gnoll hits you with a club.
* * * LOW HITPOINT WARNING * * *
You hit the gnoll.
The gnoll is severely wounded.
The gnoll closely misses you.
You barely miss the gnoll.
The gnoll is severely wounded.
The gnoll hits you with a club!
You die...

.### ... ##.. .....
...### ...... ...#
...... .. #.##
...... .... #.@#
#......
.....##g#####.......
....................
..........$.........
....................
......[.............
#...................
#........[..........
#..............##.?#


You could see a gnoll.

Vanquished Creatures
  Ijyb (D:2)
  Natasha (D:2)
  3 adders (D:2)
  2 worms (D:2)
  A dart slug (D:2)
  A leopard gecko (D:1)
  2 ball pythons
  7 bats
  4 giant cockroaches
  7 goblins
  5 hobgoblins (D:1)
  5 jackals
  2 kobolds
  2 quokkas (D:2)
  4 frilled lizards
  7 rats
54 creatures vanquished.

Notes
Turn   | Place    | Note
-------+----------+-------------------------------------------
     0 | D:1      | Patwa the Hill Orc Fire Elementalist began the quest for the Orb.
     0 | D:1      | Reached XP level 1. HP: 14/14 MP: 3/3
   134 | D:1      | Reached XP level 2. HP: 19/20 MP: 1/4
   743 | D:1      | Learned a level 2 spell: Throw Flame
  1064 | D:1      | Reached XP level 3. HP: 24/26 MP: 0/5
  1566 | D:2      | Reached skill level 4 in Fire Magic
  1775 | D:2      | Reached XP level 4. HP: 18/33 MP: 3/6
  2064 | D:2      | Noticed Ijyb
  2071 | D:2      | Reached skill level 1 in Armour
  2090 | D:2      | Killed Ijyb
  2090 | D:2      | Reached skill level 1 in Axes
  2448 | D:2      | Noticed Natasha
  2481 | D:2      | Killed Natasha
  2481 | D:2      | Reached XP level 5. HP: 7/39 MP: 4/7
  3454 | D:2      | Noticed Natasha
  3505 | D:3      | Slain by a gnoll

Skill      XL: |  1  2  3  4 |
---------------+-------------+-----
Dodging        | 2 |  2.3
Fire Magic     | 4 |  4.3
Armour         | 1 |  1.5
Axes           | 1 |  1.6
Fighting       | |  0.5
Maces & Flails | |  0.2
Stealth        | |  1.7
Spellcasting   | |  1.9
Conjurations   | |  1.7

Action                   |  1- 3 |  4- 6 || total
-------------------------+-------+-------++-------
Melee: Unarmed           |     3 |       ||     3
       Club              |     6 |       ||     6
       Hand axe          |   115 |    66 ||   181
Throw: Stone             |     1 |       ||     1
 Cast: Flame Tongue      |    32 |    21 ||    53
  Use: Scroll            |     4 |     2 ||     6
  Eat: Bread ration      |     2 |     1 ||     3
Armor: Scale mail        |   183 |    69 ||   252
       Robe              |     2 |       ||     2
Dodge: Dodged            |   154 |    65 ||   219
